AoeStats
← JellyGolem

Arabia

503056989Analyzed
2v2 RM · 1mo ago on Aug 30, 2026· 14m 30s· 4 players
Game mode
Random Map
Map size
Medium (4 player)
Population
200
Speed
Normal
Resources
Standard
Victory
Conquest
Starting age
Dark Age
Ending age
Imperial Age
RankedLock teamsTeams togetherTeam positionsShared explorationLock speedFull tech treeHidden civsTurbo modeCheats
Victory
Defeat
🇺🇸 Vietnamese · United States
935
+18
🇺🇸 Mongols · United States
910
+19
🇨🇳 Khmer · China
876
-14
🇺🇸 Saracens · United States
839
-12
76561199756344589
10:28 Feudal Age
11:22 Double-Bit Axe
13:25 Bloodlines
olaf.kreegs
11:48 Feudal Age
mmill105
11:57 Feudal Age
12:06 Man-at-Arms
JellyGolem
7:32 Loom
10:19 Feudal Age
11:22 Double-Bit Axe
11:26 Horse Collar
15:08 Wheelbarrow
15:05 Bloodlines
Connection lost

Rejoining the realm…

Still unreachable

The connection could not be restored.

Session expired

The server has moved on; the page needs a fresh start.